 Dungeon Crawl Stone Soup version 0.31-a0-1-g4198be8af4 (webtiles) character file.

Game seed: 6998936762856917775

13874 Maxmaps the Summoner (level 11, -4/80 HPs)
             Began as a Demonspawn Conjurer on May 1, 2023.
             Was an Initiate of Gozag.
             Slain by a skeletal warrior
             ... wielding a +0 hand axe
              (27 damage)
             ... on level 11 of the Dungeon.
             The game lasted 00:42:02 (13953 turns).

Maxmaps the Summoner (Demonspawn Conjurer)         Turns: 13953, Time: 00:42:03

Health: -4/80      AC:  9    Str:  7      XL:     11   Next: 81%
Magic:  3/20       EV: 11    Int: 23      God:    Gozag
Gold:   1839       SH:  4    Dex: 11 (13) Spells: 9/22 levels left

rFire   . . .        F - +1 dagger (venom)
rCold   . . .        (no shield)
rNeg    . . .        p - +1 troll leather armour {Pargi}
rPois   .            (no helmet)
rElec   .            O - +0 cloak
rCorr   .            J - +1 pair of gloves
SInv    .            z - +0 pair of boots
Will    .....        (no amulet)
Stlth   ++           (no ring)
HPRegen 1.13/turn    (no ring)
MPRegen 0.17/turn

%: no passive effects
@: gold aura
A: claws 2, sturdy frame 1, condensation shield, demonic magic 2
a: Renounce Religion, Potion Petition, Call Merchant, Bribe Branch


You were on level 11 of the Dungeon.
You worshipped Gozag.
Gozag was most pleased with you.
You visited 2 branches of the dungeon, and saw 12 of its levels.
You also visited: Sewer and Ossuary.

You collected 2060 gold pieces.
You spent 70 gold pieces at shops.
You paid 151 gold pieces to Gozag.

Inventory:

Hand Weapons
 A - the +4 short sword of the Original Sin {drain, *Corrode rElec rN+ Will+}
   (You found it on level 6 of the Dungeon)

   rElec:     It insulates you from electricity.
   rN:        It protects you from negative energy.
   *Corrode:  It may corrode you when you take damage.
   Will:      It increases your willpower.
 F - a +1 dagger of venom (weapon)
 N - a +2 short sword of electrocution
Missiles
 v - 2 throwing nets
Armour
 p - a +1 troll leather armour (worn) {Pargi}
 s - a +0 robe of cold resistance
 z - a +0 pair of boots (worn)
 J - a +1 pair of gloves (worn)
 O - a +0 cloak (worn)
Jewellery
 u - a ring of protection from fire
 y - a ring of flight
Wands
 b - a wand of digging (4)
 h - a wand of polymorph (8)
 r - a wand of flame (24)
 C - a wand of quicksilver (6)
 D - a wand of mindburst (9)
 G - a wand of paralysis (8)
Scrolls
 d - a scroll of acquirement {unknown}
 i - 3 scrolls of identify
 k - 4 scrolls of teleportation
 n - 3 scrolls of immolation
 x - a scroll of enchant armour
 B - 2 scrolls of enchant weapon
 H - 2 scrolls of amnesia
 L - a scroll of brand weapon {unknown}
Potions
 a - 2 potions of flight
 c - a potion of berserk rage
 e - 3 potions of curing
 f - a potion of heal wounds
 g - 5 potions of degeneration
 j - 2 potions of mutation
 l - 5 potions of lignification
 m - 2 potions of cancellation
 o - 5 potions of attraction
 q - 5 potions of haste
 t - a potion of might {unknown}
 E - 2 potions of ambrosia


   Skills:
 - Level 5.3 Fighting
 - Level 1.7 Dodging
 - Level 1.7 Stealth
 - Level 5.3 Unarmed Combat
 + Level 6.1 Spellcasting
 - Level 10.2 Conjurations
 - Level 13.3 Summonings


You had 9 spell levels left.
You knew the following spells:

 Your Spells              Type           Power      Damage    Failure   Level
a - Magic Dart            Conj           100%       1d8       1%          1
b - Searing Ray           Conj           100%       2d8       1%          2
c - Dazzling Flash        Conj/Hex       60%        N/A       3%          3
d - Call Canine Familiar  Summ           62%        N/A       1%          3
e - Sticky Flame          Conj/Fire      30%        2d5       12%         4

Your spell library contained the following spells:

 Spells                   Type           Power      Damage    Failure   Level
 Hailstorm                Conj/Ice       30%        3d8       3%          3
 Freeze                   Ice            28%        1d5       10%         1
 Slow                     Hex            28%        N/A       10%         1
 Flame Wave               Conj/Fire      30%        2d9       12%         4
 Fulminant Prism          Conj/Hex       15%        3d11      12%         4
 Iskenderun's Mystic Bla  Conj/Tloc      30%        2d8       12%         4
 Confusing Touch          Hex            7%         N/A       28%         3
 Frozen Ramparts          Ice            14%        1d3       28%         3
 Gell's Gravitas          Tloc           7%         N/A       28%         3
 Inner Flame              Hex/Fire       7%         N/A       28%         3
 Portal Projectile        Hex/Tloc       14%        N/A       28%         3
 Teleport Other           Tloc           7%         N/A       28%         3
 Vampiric Draining        Necr           7%         2d6       28%         3
 Ice Form                 Ice/Tmut       7%         N/A       67%         4
 Leda's Liquefaction      Hex/Erth       3%         N/A       67%         4
 Dispersal                Tloc           3%         N/A       100%        6
 Simulacrum               Ice/Necr       Unusable   N/A       N/A         6

Dungeon Overview and Level Annotations

Branches:
Dungeon (11/15)            Temple (1/1) D:6            Lair (0/5) D:11
  Sewer (visited)         Ossuary (visited)
    Orc: D:9-12

Altars:
Ashenzari
Cheibriados
Dithmenos
Fedhas
Gozag
Hepliaklqana
Kikubaaqudgha
Makhleb
Nemelex Xobeh
Okawaru
Qazlal
Ru
Sif Muna
Trog
Uskayaw
Vehumet
Wu Jian
Xom
Yredelemnul

Shops:
D:6 !   D:7 [

Annotations:
D:8 2 transporters, epsilonplus's ghost, novice MfGl


Innate Abilities, Weirdness & Mutations

You have very sharp fingernails.
Your movements are slightly less encumbered by armour. (ER -2)
A meltable shield of frost defends you. (SH +4)
Spells you cast may paralyse nearby enemies.


Message History

Casting: Magic Dart (safe; 1% risk of failure)
Confirm with . or Enter, or press ? or * to list all spells.
Aiming: Magic Dart (safe; 1% risk of failure)
Press: ? - help, Shift-Dir - straight line, f/p - skeletal warrior
Aim: a skeletal warrior, wielding a +0 hand axe (heavily damaged, ally target, 100% to hit)
The magic dart hits the skeletal warrior.
The skeletal warrior is almost destroyed.
Malevolent energies surge around you.
The skeletal warrior burns!
You destroy the skeletal warrior!
Your warg barely misses the skeletal warrior.
Your Spellcasting skill increases to level 6!
Casting: Magic Dart (safe; 1% risk of failure)
Confirm with . or Enter, or press ? or * to list all spells.
Aiming: Magic Dart (safe; 1% risk of failure)
Press: ? - help, Shift-Dir - straight line, f/p - skeletal warrior
Aim: a skeletal warrior, wielding a +0 hand axe (heavily damaged, ally target, 100% to hit)
The magic dart hits the skeletal warrior.
The skeletal warrior is lightly damaged.
Malevolent energies surge around you.
Your warg bites the skeletal warrior but does no damage.
The skeletal warrior hits you with a +0 mace!
* * * LOW HITPOINT WARNING * * *
The skeletal warrior hits your warg with a +0 hand axe!!
Your warg dies!
Your warg's corpse disappears in a puff of smoke!
Really walk into that dispersal trap?
You enter a dispersal trap!
The skeletal warrior blinks! x5; You blink.
The skeletal warrior attacks as you move away!
The skeletal warrior hits you but does no damage.
The skeletal warrior attacks as you move away!
The skeletal warrior hits you but does no damage.
The skeletal warrior attacks as you move away!
You block the skeletal warrior's attack.
The skeletal warrior attacks as you move away!
The skeletal warrior hits you with a +0 hand axe!
* * * LOW HITPOINT WARNING * * *
The skeletal warrior attacks as you move away!
The skeletal warrior hits you with a +0 hand axe!!
You die...
Your body crumbles into a pile of gold.

#># #..### ..# ##...# .##
###.# '#####
############.### .....#
#..............# .....#
#.............># .....#
#.............##
.....######.............#
.....'..........@z......#
.....######.............#
.....# ###############
######


You could see a skeletal warrior.

Vanquished Creatures
  A skeletal warrior (D:11)
  Pikel (D:8)
  2 deep elf pyromancers
  An ugly thing (D:7)
  A gargoyle (D:10)
  An unseen horror (D:7)
  2 trolls (D:11)
  A hornet (D:9)
  3 wraiths
  A vampire mosquito (D:7)
  2 yaks
  An acid dragon (D:11)
  4 orc warriors
  A sky beast (D:7)
  Pargi (Sewer)
  A black bear (D:6)
  An ice beast (D:7)
  A wolf (D:10)
  3 ogres
  5 centaurs
  2 lemures (D:8)
  3 phantoms
  A kobold brigand (D:8)
  2 scorpions
  2 bullfrogs
  5 wights
  5 killer bees (D:9)
  A jelly (D:7)
  2 hounds
  5 orc priests
  2 gnoll boudas
  2 iguanas
  15 orc wizards
  3 sleepcaps
  Ijyb (D:3)
  A mummy (D:6)
  Robin (D:2)
  4 adders
  16 gnolls
  3 shadow imps (D:7)
  A white imp (D:8)
  2 ufetubi
  3 adder zombies (Ossuary)
  4 worms
  A dart slug (D:2)
  36 orcs
  4 bats
  7 endoplasms
  5 giant cockroaches
  16 goblins
  11 hobgoblins
  8 jackals
  10 kobolds
  5 quokkas
  9 ball pythons
  5 frilled lizards
  A hobgoblin skeleton (Ossuary)
  2 kobold zombies
  An orc skeleton (Ossuary)
  4 orc zombies
  6 rats
251 creatures vanquished.

Vanquished Creatures (collateral kills)
  A two-headed ogre (D:8)
  2 manticores (D:11)
  Maurice (D:9)
  An unseen horror (D:10)
  A kobold demonologist (D:11)
  2 trolls
  A hornet (D:10)
  A wraith (D:10)
  A shadow (D:11)
  10 yaks
  Grum (D:10)
  A sky beast (D:7)
  An orc warrior (D:9)
  3 wolves (D:10)
  A centaur (D:10)
  A bullfrog (D:9)
  A gnoll sergeant (D:10)
  A scorpion (D:7)
  2 wights (D:8)
  A killer bee (D:9)
  An electric eel (D:10)
  2 orc priests
  8 orc wizards
  10 orcs
55 creatures vanquished.

Vanquished Creatures (others)
  A quokka (D:4)
  3 fungi (D:4)
  3 plants (D:4)
7 creatures vanquished.

Grand Total: 313 creatures vanquished

Notes
Turn   | Place    | Note
-------+----------+-------------------------------------------
     0 | D:1      | Maxmaps the Demonspawn Conjurer began the quest for the
                  | Orb.
     0 | D:1      | Reached XP level 1. HP: 13/13 MP: 3/3
   310 | D:1      | Gained mutation: Spells you cast may paralyse adjacent
                  | enemies. [demonic ancestry]
   310 | D:1      | Reached XP level 2. HP: 19/19 MP: 0/5
  1362 | D:2      | Gained mutation: Your movements are slightly less
                  | encumbered by armour. (ER -2) [demonic ancestry]
  1362 | D:2      | Reached XP level 3. HP: 24/24 MP: 0/7
  1372 | D:2      | Learned a level 2 spell: Searing Ray
  1499 | D:2      | Noticed Robin
  1515 | D:2      | Killed Robin
  2218 | D:3      | Reached XP level 4. HP: 25/30 MP: 10/10
  2223 | D:3      | Noticed Ijyb
  2233 | D:3      | Killed Ijyb
  2234 | D:3      | Reached skill level 1 in Fighting
  2941 | D:3      | Gained mutation: A meltable shield of frost defends you.
                  | (SH +4) [demonic ancestry]
  2941 | D:3      | Reached XP level 5. HP: 38/39 MP: 11/11
  3167 | D:3      | Found a faded altar of an unknown god.
  3315 | D:4      | Learned a level 3 spell: Dazzling Flash
  3475 | D:4      | Gained mutation: You have sharp fingernails. [demonic
                  | ancestry]
  3475 | D:4      | Reached XP level 6. HP: 44/49 MP: 6/12
  3628 | D:4      | Found a glowing drain.
  3632 | Sewer    | Entered a sewer
  3693 | Sewer    | Noticed Pargi
  3713 | Sewer    | Killed Pargi
  3714 | Sewer    | Reached skill level 5 in Fighting
  3887 | D:4      | Reached skill level 1 in Unarmed Combat
  3977 | D:4      | Reached XP level 7. HP: 30/56 MP: 6/13
  4054 | D:4      | Found a faded altar of an unknown god.
  4054 | D:4      | Found a faded altar of an unknown god.
  4062 | D:4      | Found a stormy altar of Qazlal.
  4064 | D:4      | Found a bloodstained altar of Trog.
  4066 | D:4      | Found a sparkling altar of Nemelex Xobeh.
  4187 | D:4      | Found a blossoming altar of Fedhas.
  4216 | D:4      | You fall into a shaft and drop 1 floor!
  4216 | D:5      | Entered Level 5 of the Dungeon
  4378 | D:4      | Found Atzynor's Weapon Shoppe.
  5245 | D:5      | Reached skill level 5 in Unarmed Combat
  5484 | D:5      | Gained mutation: You have very sharp fingernails. [demonic
                  | ancestry]
  5484 | D:5      | Reached XP level 8. HP: 48/62 MP: 10/14
  5509 | D:5      | Reached skill level 5 in Conjurations
  6515 | D:6      | Found a staircase to the Ecumenical Temple.
  6529 | D:6      | Identified the +4 short sword of the Original Sin {drain,
                  | *Corrode rElec rN+ Will+}
  6538 | Temple   | Entered the Ecumenical Temple
  6543 | Temple   | Became a worshipper of Gozag Ym Sagoz the Greedy
  6835 | D:6      | Found a sand-covered staircase.
  6846 | Ossuary  | Entered an ossuary
  7074 | Ossuary  | Noticed a flying skull
  7110 | Ossuary  | Noticed a flying skull
  7111 | Ossuary  | Noticed a flying skull
  7222 | Ossuary  | Noticed a flying skull
  7241 | Ossuary  | Reached XP level 9. HP: 22/68 MP: 1/15
  7698 | D:6      | Found Umyshrab's Distillery.
  7701 | D:6      | Bought a potion of heal wounds for 70 gold pieces
  8012 | D:7      | Found an ornate altar of the Wu Jian Council.
  8012 | D:7      | Found an ancient bone altar of Kikubaaqudgha.
  8026 | D:7      | Learned a level 3 spell: Call Canine Familiar
  8042 | D:7      | Found a burning altar of Makhleb.
  8509 | D:7      | Reached skill level 10 in Conjurations
  8666 | D:7      | Reached skill level 1 in Summonings
  8853 | D:7      | Reached skill level 2 in Summonings
  8996 | D:7      | Reached skill level 3 in Summonings
  9008 | D:7      | Reached skill level 4 in Summonings
  9220 | D:7      | Identified the +1 spear of Termination {venom, rN+}
  9461 | D:7      | Found Tiplyom's Antique Armour Emporium.
  9491 | D:7      | Killed an unseen horror
  9492 | D:7      | Reached skill level 5 in Summonings
  9632 | D:7      | Noticed a cyan ugly thing
  9652 | D:7      | Killed a cyan ugly thing
  9653 | D:7      | Reached skill level 6 in Summonings
  9653 | D:7      | Reached XP level 10. HP: 41/74 MP: 4/16
  9761 | D:7      | Found a snail-covered altar of Cheibriados.
  9839 | D:8      | Noticed a two-headed ogre
  9849 | D:8      | Killed a two-headed ogre
  9850 | D:8      | Reached skill level 7 in Summonings
 10077 | D:8      | Found a transporter.
 10077 | D:8      | Found a transporter.
 10088 | D:8      | Found a bloodstained altar of Trog.
 10214 | D:8      | Reached skill level 8 in Summonings
 10270 | D:8      | Noticed Pikel
 10283 | D:8      | Killed Pikel
 10319 | D:8      | Found a hide-covered altar of Uskayaw.
 10398 | D:8      | Noticed epsilonplus's ghost (novice MfGl)
 10398 | D:8      | Noticed a moth of wrath
 10609 | D:9      | Reached skill level 9 in Summonings
 10679 | D:9      | Noticed a deep elf pyromancer
 10689 | D:9      | Killed a deep elf pyromancer
 10948 | D:9      | Reached skill level 10 in Summonings
 11576 | D:10     | Entered Level 10 of the Dungeon
 11578 | D:10     | Noticed Maurice
 11647 | D:9      | Killed Maurice
 11742 | D:10     | Noticed a gargoyle
 11743 | D:10     | Reached skill level 11 in Summonings
 11751 | D:10     | Killed a gargoyle
 11752 | D:10     | Gained mutation: Spells you cast may paralyse nearby
                  | enemies. [demonic ancestry]
 11752 | D:10     | Reached XP level 11. HP: 70/80 MP: 17/17
 12465 | D:10     | Noticed Grum
 12468 | D:10     | Reached skill level 12 in Summonings
 12479 | D:10     | Killed Grum
 12885 | D:11     | Found a radiant altar of Vehumet.
 13061 | D:11     | Reached skill level 13 in Summonings
 13289 | D:11     | Noticed a skeletal warrior
 13291 | D:11     | Noticed a skeletal warrior
 13388 | D:10     | Learned a level 4 spell: Sticky Flame
 13413 | D:11     | Noticed a deep elf pyromancer
 13431 | D:11     | Killed a deep elf pyromancer
 13432 | D:11     | Reached skill level 5 in Spellcasting
 13533 | D:11     | Found a radiant altar of Vehumet.
 13732 | D:11     | Noticed a skeletal warrior
 13828 | D:11     | Found a staircase to the Lair.
 13938 | D:11     | Killed a skeletal warrior
 13953 | D:11     | Slain by a skeletal warrior

Illustrated notes

Levels and vault maps discovered:
D:1:      minmay_arrival_stair_chambers, layout_basic
D:2:      layout_basic, hex_medium, uniq_robin
D:3:      layout_loops_corners, shapermc_ecumenical_altar_petra,
          nicolae_goblin_pals
D:4:      layout_basic, elyvilon_altar_4, chequers_temple_overflow_minitemple,
          fedhas_altar_3, gup_sewer_entry_spiral, serial_shops,
          nicolae_shop_stone, uniq_ijyb
D:5:      nicolae_BIG_FREAKIN_CUBE, layout_basic, corexii_checkpoint_a
D:6:      layout_gridville, temple_fountains, nicolae_ossuary_entry_giza,
          serial_shops, shop, chequers_serial_rivers_micro_c, lightli_minifort
D:7:      layout_basic, nicolae_overflow_hidden_temple,
          chequers_temple_overflow_statue_of_worship, serial_shops,
          nicolae_shop_trees, kb_rosetta
D:8:      layout_basic, mainiacjoe_overflow_boulevard,
          gammafunk_ghost_wrathful_warriors, uniq_pikel
D:9:      layout_small_grid, roderic_serpentine_path, guppyfry_early_elven_hall
D:10:     layout_gridville, minmay_crystal_water, uniq_grum, uniq_maurice
D:11:     layout_roguey, lair_entry_dummy, hangedman_feature_mirror
Temple:   nicolae_temple_hex_pool

Skill      XL: |  1  2  3  4  5  6  7  8  9 10 11 |
---------------+----------------------------------+-----
Spellcasting   | 3 4 6 |  6.1
Fighting       | 2 4 5 |  5.3
Unarmed Combat | 2 5 |  5.3
Conjurations   | 8 10 | 10.2
Summonings     | 6 11 13 | 13.3
Dodging        | |  1.7
Stealth        | |  1.7

Action                     |  1- 3 |  4- 6 |  7- 9 | 10-12 || total
---------------------------+-------+-------+-------+-------++-------
  Melee: Short sword       |    52 |   155 |       |       ||   207
         Punch             |     1 |     1 |    12 |    17 ||    31
         Unarmed           |       |       |   237 |       ||   237
         Dagger            |       |       |    20 |   292 ||   312
   Cast: Magic Dart        |    58 |    24 |   275 |    99 ||   456
         Searing Ray       |     1 |     4 |    21 |       ||    26
         Call Canine Famil |       |       |    10 |    38 ||    48
         Sticky Flame      |       |       |       |     6 ||     6
    Use: Scroll            |       |     7 |     2 |    18 ||    27
         Potion            |       |       |     2 |     3 ||     5
   Stab: Sleeping          |       |     2 |       |     1 ||     3
         Paralysed         |       |     4 |    71 |    45 ||   120
         Distracted        |       |       |       |     5 ||     5
 Armour: Robe              |     2 |       |       |       ||     2
         Ring mail         |    13 |    51 |       |       ||    64
         Troll leather arm |       |     5 |    99 |   135 ||   239
  Dodge: Dodged            |    23 |    91 |   170 |   236 ||   520
  Block: Other             |       |    23 |    59 |    59 ||   141

Table legend: (Time is in decaauts)
 A = Elapsed time spent in this place.
 B = Non-inter-level travel time spent in this place.
 C = Inter-level travel time spent in this place.
 D = Time resting spent in this place.
 E = Time spent auto-exploring this place.
 F = Levels seen in this place.
 G = Mean time per level.
                   A        B        C        D        E       F      G
               +--------+--------+--------+--------+--------+-----+--------+
         Total |  14069 |  13427 |    642 |   1443 |   9046 |  14 | 1004.9 |
       Dungeon |  13217 |  12583 |    634 |   1357 |   8568 |  11 | 1201.5 |
        Temple |     82 |     74 |      8 |      0 |     61 |   1 |   82.0 |
         Sewer |    152 |    152 |      0 |      0 |     52 |   1 |  152.0 |
       Ossuary |    616 |    616 |      0 |     85 |    365 |   1 |  616.0 |
               +--------+--------+--------+--------+--------+-----+--------+

Top non-repeatable levels by time:
     D:5: 1855 daAuts
     D:7: 1842 daAuts
    D:10: 1335 daAuts
     D:1: 1257 daAuts
     D:4: 1252 daAuts
     D:9: 1138 daAuts
     D:3: 1114 daAuts
    D:11: 991 daAuts
     D:2: 888 daAuts
     D:6: 853 daAuts
     D:8: 687 daAuts
 Ossuary: 616 daAuts
   Sewer: 152 daAuts
  Temple: 82 daAuts
